 Dungeon Crawl Stone Soup version 0.27-a0-911-gfacc31910f (webtiles) character file.

Game seed: 2629972346877499157

50 Froggeryz the Chiller (level 3, 0/26 HPs)
             Began as a Demigod Ice Elementalist on Apr 9, 2021.
             Slain by a scorpion (8 damage)
             ... on level 2 of the Dungeon.
             The game lasted 00:02:52 (2248 turns).

Froggeryz the Chiller (Demigod Ice Elementalist)    Turns: 2248, Time: 00:02:53

Health: 0/26       AC:  3    Str:  9    XL:     3   Next: 35%
Magic:  5/8        EV: 12    Int: 21    God:
Gold:   79         SH:  0    Dex: 14    Spells: 1/5 levels left

rFire    . . .     SeeInvis .   b - +0 hand axe
rCold    . . .     Faith    .   (no shield)
rNeg     . . .     Spirit   .   a - +1 robe
rPois    .         Reflect  .   (no helmet)
rElec    .         Harm     .   (no cloak)
rCorr    .         Rampage  .   (no gloves)
Will     .....                  (no boots)
Stlth    ++........             (no amulet)
HPRegen  0.08/turn              (no ring)
MPRegen  0.11/turn              (no ring)

@: freezing walls
A: high mp 1, forlorn
a: no special abilities


You were on level 2 of the Dungeon.
You visited 1 branch of the dungeon, and saw 2 of its levels.

You collected 79 gold pieces.

Inventory:

Hand Weapons
 b - a +0 hand axe (weapon)
Missiles
 f - 14 poisoned darts (quivered)
Armour
 a - a +1 robe (worn)
Wands
 h - a wand of flame (8)
Scrolls
 e - a scroll of immolation
Potions
 c - a potion of ambrosia {unknown}
 d - a potion of degeneration {unknown}
 g - a potion of resistance {unknown}


   Skills:
 - Level 1.7 Dodging
 - Level 1.7 Stealth
 - Level 1.7 Spellcasting
 * Level 4.9 Ice Magic


You had one spell level left.
You knew the following spells:

 Your Spells              Type           Power      Damage    Failure   Level
a - Freeze                Ice            88%        1d10      1%          1
b - Frozen Ramparts       Ice            44%        1d6       6%          3

Your spell library contained the following spells:

 Spells                   Type           Power      Damage    Failure   Level
 Ozocubu's Armour         Ice            22%        N/A       6%          3
 Hailstorm                Conj/Ice       12%        3d5       50%         4
 Summon Ice Beast         Ice/Summ       12%        N/A       50%         4


Dungeon Overview and Level Annotations

Branches:
Dungeon (2/15)


Innate Abilities, Weirdness & Mutations

Your attributes grow dramatically as you level up.
You have an increased reservoir of magic. (+10% MP)
You shall have no god before yourself.


Message History

You throw a poisoned dart. The poisoned dart hits the scorpion.
The scorpion is poisoned.
Throw: 15 darts (poison)
Press: ? - help, Q - select action, (/) - cycle Shift-Dir - straight line, f/p - scorpion
Aim: a scorpion (lightly wounded, poisoned, 57% to hit)
You throw a poisoned dart.
The poisoned dart barely misses the scorpion.
Unknown command.
The scorpion closely misses you.
The scorpion looks more healthy.
The scorpion stings you.
You are poisoned.
The scorpion poisons you!
You feel very sick.
You feel sick.
A goblin comes into view. It is wielding a +0 club.
You feel sick.
You feel sick.
You feel sick. The scorpion stings you.
You feel sick.
You feel sick.
You feel sick.
You are no longer poisoned.
The scorpion barely misses you.
Casting: Freeze (safe; 1% risk of failure)
Confirm with . or Enter, or press ? or * to list all spells.
The spell is quite dangerous to cast (6% risk of failure)!
Continue anyway?
Okay, then.
Casting: Frozen Ramparts (quite dangerous; 6% risk of failure)
Confirm with . or Enter, or press ? or * to list all spells.
The spell is quite dangerous to cast (6% risk of failure)!
Continue anyway?
Casting: Frozen Ramparts (quite dangerous; 6% risk of failure)
Press: ? - help, Dir - look around, f - activate The walls around you are covered in ice.
The goblin shouts!
The wall freezes the scorpion.
The scorpion misses you.
Unknown command.
Unknown command.
The wall freezes the scorpion.
The scorpion closely misses you.
The wall freezes the scorpion.
The scorpion stings you!
You die...

#.# .(. #.# ... #.# #..
#.# #(.
###.####################>.
#........##.≈≈≈≈≈≈≈≈≈.##..
#.#.####.#...≈≈≈≈≈≈≈...#.#
#.#^####)#.............#.#
#.#.#...†@s.g............#
#)#.#.##.#.............###
#........#...≈≈≈≈≈≈≈...#
#.......<##.≈≈≈≈≈≈≈≈≈.##
###......>.##############
#..........# #.#.......##
#### #.#.......# #..# ###
#.#.......# ###.>###.##


You could see a scorpion and a goblin.

Vanquished Creatures
  A worm (D:2)
  A dart slug (D:1)
  3 orcs (D:2)
  3 ball pythons
  An endoplasm (D:2)
  2 giant cockroaches (D:1)
  5 hobgoblins
  3 jackals (D:2)
  10 kobolds
  5 bats
  3 frilled lizards
  3 rats
40 creatures vanquished.

Notes
Turn   | Place    | Note
-------+----------+-------------------------------------------
     0 | D:1      | Froggeryz the Demigod Ice Elementalist began the quest for
                  | the Orb.
     0 | D:1      | Reached XP level 1. HP: 14/14 MP: 5/5
   199 | D:1      | Reached skill level 4 in Ice Magic
   539 | D:1      | Reached XP level 2. HP: 18/20 MP: 7/7
   681 | D:1      | HP: 1/20 [kobold/+0 short sword (5)]
  1872 | D:2      | Reached XP level 3. HP: 19/26 MP: 8/8
  1881 | D:2      | Learned a level 3 spell: Frozen Ramparts
  2226 | D:2      | Noticed a scorpion
  2248 | D:2      | Slain by a scorpion

Illustrated notes

Levels and vault maps discovered:
D:1:      beargit_arrival_greenhouse, layout_loops_ring,
          shapermc_ecumenical_altar_starsandcircs, minmay_fountain_box
D:2:      minmay_kobold_bridge, layout_loops_ring, kennysheep_donut

Skill      XL: |  1 |
---------------+----+-----
Ice Magic      | 4 |  4.9
Dodging        | |  1.7
Stealth        | |  1.7
Spellcasting   | |  1.7

Action                   || total
-------------------------++-------
Melee: Hand axe          ||    81
Throw: Dart              ||     4
 Cast: Freeze            ||    36
       Frozen Ramparts   ||     1
  Use: Scroll            ||     4
 Stab: Sleeping          ||     2
Armor: Robe              ||    21
Dodge: Dodged            ||    93

Table legend: (Time is in decaauts)
 A = Elapsed time spent in this place.
 B = Non-inter-level travel time spent in this place.
 C = Inter-level travel time spent in this place.
 D = Time resting spent in this place.
 E = Time spent auto-exploring this place.
 F = Levels seen in this place.
 G = Mean time per level.
                   A        B        C        D        E       F      G
               +--------+--------+--------+--------+--------+-----+--------+
         Total |   2271 |   2254 |     17 |    340 |   1573 |   2 | 1135.5 |
       Dungeon |   2271 |   2254 |     17 |    340 |   1573 |   2 | 1135.5 |
               +--------+--------+--------+--------+--------+-----+--------+

Top non-repeatable levels by time:
     D:1: 1635 daAuts
     D:2: 636 daAuts
